[Event "M21"]
[Site "?"]
[Date "2023.08.01"]
[Round "5"]
[White "Reichmann, Steffen"]
[Black "Hozda, Max"]
[Result "0-1"]
[ECO "B02"]
[WhiteElo "1954"]
[BlackElo "1986"]
[Annotator ",martin-koller@seznam"]
[PlyCount "102"]
[TimeControl "240+2"]

{600MB, Fritz10.ctg} 1. e4 Nf6 2. Nc3 d5 3. e5 Nfd7 4. d4 c5 5. e6 fxe6 6. Bd3
Nf6 7. dxc5 e5 8. Bg5 e6 9. Nf3 e4 10. Bxe4 dxe4 11. Qxd8+ Kxd8 12. Ne5 Ke8 13.
O-O-O Bxc5 14. Nxe4 Be7 15. Nd6+ Bxd6 16. Rxd6 Ke7 17. Rhd1 Re8 18. R6d4 Nc6
19. Nxc6+ bxc6 20. Rd6 h6 21. Bxf6+ Kxf6 22. Rxc6 Re7 23. f3 Bb7 24. Rcd6 Rc8
25. b3 Rc3 26. R1d3 Rxd3 27. Rxd3 Kf5 28. Rd4 e5 29. Ra4 Ba8 30. Kd2 e4 31.
Ra5+ Kf4 32. Ra4 Bc6 33. Rc4 Bb5 34. Rb4 Rd7+ 35. Ke1 Bc6 36. Ke2 a5 37. g3+
Kf5 38. fxe4+ Bxe4 39. g4+ Ke5 40. Rb5+ Kf4 41. Rxa5 Bf3+ 42. Kf2 Rd2+ 43. Kg1
Rg2+ 44. Kf1 Rxh2 45. Rc5 Kg3 46. Ke1 Re2+ 47. Kf1 Rd2 48. Re5 Rd1+ 49. Re1
Rxe1+ 50. Kxe1 Kxg4 51. c4 h5 0-1

[Event "M21"]
[Site "?"]
[Date "2023.08.01"]
[Round "5"]
[White "Rehak, Martin"]
[Black "Œoural, Jan"]
[Result "0-1"]
[ECO "E62"]
[WhiteElo "1991"]
[BlackElo "2176"]
[Annotator ",martin-koller@seznam"]
[PlyCount "52"]
[TimeControl "240+2"]

{600MB, Fritz10.ctg} 1. Nf3 g6 2. c4 Bg7 3. d4 Nf6 4. g3 O-O 5. Bg2 c6 6. O-O
d6 7. Nc3 Bf5 8. Nh4 Be6 9. d5 cxd5 10. cxd5 Bd7 11. Nf3 Na6 12. Nd4 Qb6 13.
Nb3 Rfc8 14. Be3 Qd8 15. h3 b5 16. Rc1 Nc7 17. a3 a5 18. Bb6 b4 19. Nxa5 bxc3
20. Rxc3 Rab8 21. Nc6 Bxc6 22. Rxc6 Nd7 23. Bd4 Ne5 24. Qc2 Nxc6 25. Bxg7 Nb4
26. axb4 Kxg7 0-1

[Event "M21"]
[Site "?"]
[Date "2023.08.01"]
[Round "5"]
[White "Husa, Daniel"]
[Black "Gunther, Andreas"]
[Result "0-1"]
[ECO "A80"]
[WhiteElo "2084"]
[BlackElo "2065"]
[Annotator ",martin-koller@seznam"]
[PlyCount "96"]
[TimeControl "240+2"]

{600MB, Fritz10.ctg} 1. d4 f5 2. Nc3 Nf6 3. Bf4 e6 4. g4 d5 5. gxf5 exf5 6. Qd3
Bd6 7. Bxd6 Qxd6 8. Nf3 O-O 9. Ne5 c5 10. h4 Nc6 11. Nxc6 bxc6 12. dxc5 Qxc5
13. e3 Rb8 14. O-O-O Qb4 15. b3 Ne4 16. Nxe4 fxe4 17. Qd2 Qa3+ 18. Kb1 Rf7 19.
Bh3 Bxh3 20. Rxh3 Rbf8 21. Rh2 Qd6 22. Rg2 Qe5 23. Rdg1 g6 24. Rg5 Rf5 25. Qa5
Rxg5 26. Rxg5 Qe7 27. Qc3 Qf6 28. Qxf6 Rxf6 29. h5 h6 30. Rg2 g5 31. Kb2 Kf7
32. Kc3 Ke6 33. Kd4 Kd6 34. b4 Rf8 35. c4 a5 36. b5 c5+ 37. Kc3 a4 38. a3 d4+
39. exd4 Rf3+ 40. Kb2 cxd4 41. Kb1 Rxa3 42. Rg4 Ke5 43. Kb2 Rc3 44. Rg3 Rxc4
45. Ka3 Rc3+ 46. Kxa4 Rxg3 47. fxg3 Kd6 48. Ka5 Kc7 0-1

[Event "M21"]
[Site "?"]
[Date "2023.08.01"]
[Round "5"]
[White "Novak, Jindrich"]
[Black "Kalisky, Vladimir"]
[Result "0-1"]
[ECO "B40"]
[WhiteElo "2047"]
[BlackElo "2145"]
[Annotator ",martin-koller@seznam"]
[PlyCount "130"]
[TimeControl "240+2"]

{600MB, Fritz10.ctg} 1. e4 c5 2. Nf3 Nc6 3. c3 d5 4. d3 e6 5. Be2 dxe4 6. dxe4
Qxd1+ 7. Bxd1 a6 8. Bc2 Nf6 9. Bf4 Be7 10. Nbd2 b5 11. O-O-O Bb7 12. Rhe1 h6
13. Nb3 c4 14. Nbd4 Rc8 15. Nxc6 Bxc6 16. Nd4 Bb7 17. f3 Nd7 18. Be3 Nc5 19.
Rd2 O-O 20. Red1 Rfd8 21. Ne2 Rxd2 22. Rxd2 Kf8 23. Bf4 Ke8 24. Be5 Bg5 25. Bf4
e5 26. Bxe5 Bxd2+ 27. Kxd2 f6 28. Bg3 Rd8+ 29. Ke3 Bc8 30. Bc7 Rd7 31. Bb6 Na4
32. Bd4 Nxb2 33. Nf4 Rb7 34. Nd5 Be6 35. Nb6 Kf7 36. f4 Na4 37. Bxa4 bxa4 38.
f5 Bd7 39. a3 Bc6 40. Nxc4 Rb1 41. h3 Bb5 42. Nd6+ Ke7 43. Bc5 Kd7 44. Nf7 Bc4
45. Nh8 Ke8 46. Ng6 Rb2 47. g4 Bf1 48. h4 Re2+ 49. Kf3 Rc2 50. Bb4 Be2+ 51. Kg3
Ra2 52. e5 a5 53. Bc5 fxe5 54. Nxe5 Rb2 55. g5 hxg5 56. hxg5 Rb3 57. Bd4 Rxa3
58. Nc6 Bb5 59. Nxa5 Ra2 60. Bxg7 Bd7 61. Nb7 Kf7 62. f6 Rc2 63. Nd6+ Kg6 64.
Bh6 Rxc3+ 65. Kf4 Bc6 neèitelné 0-1

[Event "K21"]
[Site "?"]
[Date "2023.08.01"]
[Round "5"]
[White "Gunge, Matheo-Gabriel"]
[Black "Hapke, Ralf"]
[Result "1/2-1/2"]
[ECO "B01"]
[WhiteElo "1450"]
[BlackElo "1756"]
[Annotator ",martin-koller@seznam"]
[PlyCount "22"]
[TimeControl "240+2"]

{600MB, Fritz10.ctg} 1. e4 d5 2. exd5 Nf6 3. d4 Bg4 4. f3 Bf5 5. Ne2 Nxd5 6.
Ng3 Bg6 7. c4 Nb4 8. Na3 e6 9. Be2 c5 10. Be3 cxd4 11. Qxd4 N8c6 1/2-1/2

[Event "K21"]
[Site "?"]
[Date "2023.08.01"]
[Round "5"]
[White "Heider, Dirk"]
[Black "Gunther, Arthur"]
[Result "0-1"]
[ECO "B01"]
[WhiteElo "1781"]
[BlackElo "1600"]
[Annotator ",martin-koller@seznam"]
[PlyCount "92"]
[TimeControl "240+2"]

{600MB, Fritz10.ctg} 1. e4 d5 2. exd5 Qxd5 3. Nc3 Qa5 4. b4 Qxb4 5. Nb5 Qa5 6.
Bc4 Nf6 7. Bb2 a6 8. Bc3 Qb6 9. Nd4 Nc6 10. Ndf3 Bg4 11. h3 Bh5 12. d3 O-O-O
13. Bxf6 exf6 14. g4 Bg6 15. Ne2 Bc5 16. O-O Ne5 17. Nxe5 fxe5 18. Nc3 Bd4 19.
Nd5 Qa5 20. c3 Bxc3 21. Rc1 Bd4 22. Qf3 f5 23. gxf5 Rhf8 24. Qg4 Bf7 25. f6+
Kb8 26. Ne7 gxf6 27. Bxf7 Rxf7 28. Qe6 Rg7+ 29. Kh2 Qb6 30. Nc6+ bxc6 31. Rb1
Bb2 32. Qc4 Kc8 33. f4 Qd4 34. Qe6+ Qd7 35. Qxf6 Bd4 36. fxe5 Rg6 37. Qf4 Qe6
38. Qf5 Bxe5+ 39. Kh1 Qxf5 40. Rxf5 Rxd3 41. Rh5 Bd6 42. Rxh7 Rd2 43. Rh8+ Kd7
44. Rh7+ Ke6 45. Re1+ Kd5 46. Rh5+ Kd4 0-1

[Event "K21"]
[Site "?"]
[Date "2023.08.01"]
[Round "5"]
[White "Schimmer, Michael"]
[Black "Yue, Erfei"]
[Result "0-1"]
[ECO "B12"]
[WhiteElo "1689"]
[BlackElo "1685"]
[Annotator ",martin-koller@seznam"]
[PlyCount "120"]
[TimeControl "240+2"]

{600MB, Fritz10.ctg} 1. e4 c6 2. d4 d5 3. e5 c5 4. Nf3 Bg4 5. dxc5 e6 6. a3 a5
7. Be3 Ne7 8. Nc3 Nec6 9. Bb5 Nd7 10. Bd4 Bxc5 11. Bxc5 Nxc5 12. Qd4 Bxf3 13.
Qxc5 Bxg2 14. Rg1 d4 15. Rxg2 dxc3 16. Bxc6+ bxc6 17. Qxc6+ Kf8 18. Qxc3 Rc8
19. Qd2 Qc7 20. f4 Ke7 21. Qd6+ Qxd6 22. exd6+ Kxd6 23. O-O-O+ Ke7 24. Rxg7 Rc4
25. Rf1 Kf6 26. Rg2 Rd8 27. b3 Re4 28. c4 Rd3 29. Rg3 Rxg3 30. hxg3 Re3 31. Kb2
Rxg3 32. b4 axb4 33. axb4 h5 34. b5 Ke7 35. Rd1 Rg8 36. Kb3 h4 37. Rh1 Rh8 38.
Rh3 Kd6 39. Kb4 Rh5 40. Ka5 Kc5 41. Ka6 Rh8 42. b6 Rb8 43. Rb3 h3 44. Ka7 Rh8
45. Rb1 h2 46. b7 h1=Q 47. b8=Q Rxb8 48. Rxh1 Rd8 49. Ka6 Rd4 50. f5 Rxc4 51.
fxe6 fxe6 52. Re1 Kd5 53. Kb5 Rd4 54. Rh1 e5 55. Rh5 Rd1 56. Kb4 Kd4 57. Kb3
Rc1 58. Kb2 Rc8 59. Rh1 e4 60. Re1 Kd3 0-1

[Event "K21"]
[Site "?"]
[Date "2023.08.01"]
[Round "5"]
[White "Nelson, Wayne"]
[Black "Vit, Zdenek"]
[Result "1-0"]
[ECO "D60"]
[WhiteElo "1863"]
[BlackElo "1654"]
[Annotator ",martin-koller@seznam"]
[PlyCount "106"]
[TimeControl "240+2"]

{600MB, Fritz10.ctg} 1. d4 Nf6 2. Bg5 e6 3. Nf3 d5 4. e3 Be7 5. c4 O-O 6. Nc3
c6 7. Bd3 Nbd7 8. O-O dxc4 9. Bxc4 Nd5 10. Bxe7 Qxe7 11. Bd3 Nb4 12. Bb1 b6 13.
a3 Nd5 14. Nxd5 cxd5 15. Bd3 Qd6 16. Rc1 e5 17. dxe5 Nxe5 18. Nxe5 Qxe5 19. Qc2
g6 20. Qc3 Qxc3 21. Rxc3 Be6 22. Ba6 Rfd8 23. Rd1 Bc8 24. Bxc8 Raxc8 25. Rdc1
Rxc3 26. Rxc3 Rd7 27. Kf1 f5 28. Ke2 Kf7 29. Kd3 Ke6 30. Kd4 Kd6 31. Rc8 Re7
32. g3 Re4+ 33. Kd3 Re7 34. h4 Rc7 35. Rd8+ Rd7 36. Rh8 Ke6 37. f3 h5 38. Rg8
Kf7 39. Rh8 Ke6 40. Rc8 Kf6 41. Rc6+ Kf7 42. Kd4 Kg7 43. b4 Kf7 44. a4 Re7 45.
a5 bxa5 46. bxa5 Rb7 47. Kxd5 Rb5+ 48. Rc5 Rb2 49. Rc7+ Kf6 50. Rxa7 Rg2 51. a6
Rxg3 52. Ra8 Rg1 53. a7 Ra1 1-0

[Event "K21"]
[Site "?"]
[Date "2023.08.01"]
[Round "5"]
[White "Thomasson, Staffan"]
[Black "Feierfeil, Jiri"]
[Result "1/2-1/2"]
[ECO "B38"]
[WhiteElo "1740"]
[BlackElo "1674"]
[Annotator ",martin-koller@seznam"]
[PlyCount "109"]
[TimeControl "240+2"]

{600MB, Fritz10.ctg} 1. c4 c5 2. Nf3 Nc6 3. d4 cxd4 4. Nxd4 Nf6 5. Nc3 g6 6. e4
d6 7. Be2 Bg7 8. Be3 O-O 9. O-O Bd7 10. Qd2 a6 11. f3 Rc8 12. Rac1 Nxd4 13.
Bxd4 Qa5 14. b4 Qd8 15. Rfd1 Be6 16. Nd5 Nd7 17. Bxg7 Kxg7 18. Nf4 Qc7 19.
Nxe6+ fxe6 20. c5 Qb8 21. Bc4 Rf6 22. cxd6 exd6 23. Bb3 Rxc1 24. Rxc1 e5 25.
Qc2 Qa7+ 26. Kh1 Nf8 27. Qc7+ Kh6 28. Bd5 Qe3 29. Rf1 g5 30. Qc1 Qb6 31. h4 Rg6
32. Bf7 Rg7 33. hxg5+ Rxg5 34. f4 exf4 35. Qxf4 Qd8 36. Qh4+ Kg7 37. Bd5 Kg6
38. Rf5 h6 39. g4 b6 40. Rxg5+ Qxg5 41. Qf2 Qf6 42. Qxf6+ Kxf6 43. Kg2 Ng6 44.
Kg3 Kg5 45. a4 a5 46. bxa5 bxa5 47. Be6 Ne5 48. Bf5 Nd3 49. Bd7 Kf6 50. Bc6 Ke5
51. Kf3 Kd4 52. Kg3 Kc5 53. Bd7 Kb4 54. Kh4 Nf4 55. Kg3 1/2-1/2

[Event "M21"]
[Site "?"]
[Date "2023.08.02"]
[Round "6"]
[White "Soural, Jan"]
[Black "Husa, Daniel"]
[Result "1/2-1/2"]
[ECO "E05"]
[WhiteElo "2176"]
[BlackElo "2084"]
[Annotator ",martin-koller@seznam"]
[PlyCount "85"]
[TimeControl "240+2"]

{600MB, Fritz10.ctg} 1. c4 e6 2. Nf3 Nf6 3. g3 d5 4. Bg2 Be7 5. O-O O-O 6. d4
dxc4 7. Qc2 a6 8. a4 Bd7 9. Qxc4 Bc6 10. Bg5 Nbd7 11. Nc3 h6 12. Bxf6 Nxf6 13.
Rfe1 Qd6 14. e4 Qb4 15. Qxb4 Bxb4 16. Ne5 Rad8 17. Nxc6 bxc6 18. Red1 Rd7 19.
Na2 Be7 20. e5 Nd5 21. Rac1 Rb8 22. Rc2 Nb4 23. Nxb4 Rxb4 24. Bxc6 Rdxd4 25.
Rxd4 Rxd4 26. Kg2 a5 27. f4 f6 28. exf6 gxf6 29. Be8 c5 30. Re2 Kf8 31. Bb5 Kf7
32. b3 Rd6 33. Bc4 f5 34. Re5 Kf6 35. h4 Rb6 36. Kf3 h5 37. Kf2 Bf8 38. Ke3 Be7
39. Kd3 Rd6+ 40. Kc3 Rb6 41. Be2 Kg6 42. Bb5 Kf7 43. Be2 1/2-1/2

[Event "M21"]
[Site "?"]
[Date "2023.08.02"]
[Round "6"]
[White "Van den Boogaart, Jan Maarten"]
[Black "Novak, Jindrich"]
[Result "1-0"]
[ECO "C62"]
[WhiteElo "2087"]
[BlackElo "2047"]
[Annotator ",martin-koller@seznam"]
[PlyCount "61"]
[TimeControl "240+2"]

{600MB, Fritz10.ctg} 1. e4 d6 2. d4 e5 3. Nf3 Nc6 4. Bb5 Bd7 5. Nc3 Nf6 6. Bxc6
Bxc6 7. Qd3 exd4 8. Nxd4 Qd7 9. f3 Be7 10. Be3 a6 11. Nf5 O-O 12. O-O-O b5 13.
e5 Ne8 14. Ne4 d5 15. Nc5 Qd8 16. Rhe1 Kh8 17. Kb1 g6 18. Nd4 Bd7 19. Ndb3 c6
20. Bd4 Be6 21. g4 a5 22. h3 Nc7 23. f4 a4 24. Nb7 Qe8 25. N3c5 Bxc5 26. Nxc5
Kg8 27. f5 Bc8 28. Qg3 Qe7 29. Qf4 Qh4 30. e6 Na6 31. exf7+ 1-0

[Event "M21"]
[Site "?"]
[Date "2023.08.02"]
[Round "6"]
[White "Kalisky, Vladimir"]
[Black "Rehak, Maritn"]
[Result "1/2-1/2"]
[ECO "B33"]
[WhiteElo "2145"]
[BlackElo "1991"]
[Annotator ",martin-koller@seznam"]
[PlyCount "66"]
[TimeControl "240+2"]

{600MB, Fritz10.ctg} 1. e4 c5 2. Nf3 Nc6 3. d4 cxd4 4. Nxd4 Nf6 5. Nc3 e5 6.
Ndb5 d6 7. Nd5 Nxd5 8. exd5 Ne7 9. c4 Nf5 10. Bd3 Be7 11. O-O a6 12. Nc3 Nh4
13. Kh1 O-O 14. Qc2 Ng6 15. f3 Bg5 16. Rd1 f5 17. Bxg5 Qxg5 18. Na4 e4 19. Bf1
exf3 20. gxf3 f4 21. Nb6 Bf5 22. Qg2 Qxg2+ 23. Kxg2 Rae8 24. Kf2 Re3 25. Rac1
Nh4 26. Be2 Rfe8 27. Rd2 g5 28. b4 Bh3 29. c5 dxc5 30. bxc5 Bg2 31. c6 bxc6 32.
dxc6 Bxf3 33. Bxa6 Bxc6 1/2-1/2

[Event "M21"]
[Site "?"]
[Date "2023.08.02"]
[Round "6"]
[White "Hurtak, Otto"]
[Black "Hozda, Max"]
[Result "0-1"]
[ECO "B10"]
[WhiteElo "1949"]
[BlackElo "1986"]
[Annotator ",martin-koller@seznam"]
[PlyCount "104"]
[TimeControl "240+2"]

{600MB, Fritz10.ctg} 1. c4 c6 2. e4 d5 3. exd5 cxd5 4. cxd5 Nf6 5. Nc3 Nxd5 6.
Bc4 Nb6 7. Bb3 Nc6 8. Nf3 Bf5 9. d4 e6 10. O-O Be7 11. a4 O-O 12. a5 Nd5 13.
Bxd5 exd5 14. Qb3 Be6 15. Qxb7 Nxa5 16. Rxa5 Qxa5 17. Qxe7 Rab8 18. Re1 h6 19.
h3 Rfe8 20. Qh4 Bf5 21. Rxe8+ Rxe8 22. Qf4 Be6 23. Kh2 Qb4 24. Qd2 Qd6+ 25. Qf4
Qb4 26. Ne5 f6 27. Nd3 Qc4 28. Nc5 Bf7 29. Be3 Qb4 30. N5a4 Qb8 31. Qxb8 Rxb8
32. Nd1 Bg6 33. Nac3 Bc2 34. Kg1 Bxd1 35. Nxd1 Rb4 36. Kf1 a5 37. Ke2 a4 38.
Kd3 Rxb2 39. Kc3 a3 40. Bc1 Rb1 41. Bxa3 Rxd1 42. Bd6 Rf1 43. Bg3 Rg1 44. Kd3
Rxg2 45. Ke2 Rg1 46. h4 Kf7 47. Kf3 g6 48. Bf4 h5 49. Bg3 Ke6 50. Ke3 Kf5 51.
Kf3 Re1 52. Bf4 Re4 0-1

[Event "M21"]
[Site "?"]
[Date "2023.08.02"]
[Round "6"]
[White "Gunther, Andreas"]
[Black "Reichmann, Steffen"]
[Result "1-0"]
[ECO "B07"]
[WhiteElo "2065"]
[BlackElo "1954"]
[Annotator ",martin-koller@seznam"]
[PlyCount "95"]
[TimeControl "240+2"]

{600MB, Fritz10.ctg} 1. d4 d6 2. e4 Nf6 3. Nc3 g6 4. Be3 c6 5. Bd3 Qc7 6. a4 b6
7. Qd2 Na6 8. Nf3 Ng4 9. Bg5 h6 10. Bh4 Bg7 11. h3 Nf6 12. O-O O-O 13. Rfe1 Nb4
14. Bf1 e5 15. Rad1 Bb7 16. dxe5 dxe5 17. Bxf6 Bxf6 18. Qd6 Qxd6 19. Rxd6 Kg7
20. Bd3 Rfd8 21. Rxd8 Rxd8 22. Rd1 Nxd3 23. Rxd3 Rxd3 24. cxd3 Ba6 25. Ne1 Bg5
26. Na2 Bd2 27. Nf3 Bg5 28. Nb4 Bb7 29. Nxe5 c5 30. Nc2 Ba6 31. Nc4 Bxc4 32.
dxc4 Bf6 33. b3 Bc3 34. Kf1 f6 35. Ke2 Kf7 36. f4 Ke6 37. Kf3 h5 38. Ne3 Bd4
39. Nd5 Bb2 40. g4 hxg4+ 41. Kxg4 Kd6 42. h4 Ke6 43. f5+ gxf5+ 44. exf5+ Ke5
45. Nf4 Ke4 46. h5 Bc1 47. h6 Bxf4 48. h7 1-0

[Event "K21"]
[Site "?"]
[Date "2023.08.02"]
[Round "6"]
[White "Junge, Mattheo"]
[Black "Nelson, Wayne"]
[Result "1-0"]
[ECO "B10"]
[WhiteElo "1450"]
[BlackElo "1863"]
[Annotator ",martin-koller@seznam"]
[PlyCount "71"]
[TimeControl "240+2"]

{600MB, Fritz10.ctg} 1. e4 c6 2. Nf3 d5 3. e5 Bg4 4. d4 e6 5. Bd3 c5 6. c3 Nc6
7. O-O Bxf3 8. Qxf3 cxd4 9. cxd4 Nxd4 10. Qg4 Nc6 11. Qg3 Qc7 12. Bf4 Nge7 13.
Nc3 a6 14. Rfe1 Ng6 15. Bxg6 hxg6 16. Rad1 Bb4 17. a3 Bxc3 18. bxc3 Na5 19. Bg5
Nc4 20. f4 Qc5+ 21. Kh1 Qxa3 22. Qf3 Qc5 23. g4 Qc6 24. f5 gxf5 25. gxf5 a5 26.
fxe6 Qxe6 27. Qxd5 Qxd5+ 28. Rxd5 O-O 29. Re4 Rfc8 30. Rd3 a4 31. Rh3 f6 32.
exf6 gxf6 33. Bxf6 Kf7 34. Rf3 Ra6 35. Re7+ Kg6 36. Rg7+ 1-0

[Event "K21"]
[Site "?"]
[Date "2023.08.02"]
[Round "6"]
[White "Hapke, Ralf"]
[Black "Yue, Erfei"]
[Result "0-1"]
[ECO "B12"]
[WhiteElo "1756"]
[BlackElo "1685"]
[Annotator ",martin-koller@seznam"]
[PlyCount "66"]
[TimeControl "240+2"]

{600MB, Fritz10.ctg} 1. e4 c6 2. d4 d5 3. f3 e5 4. dxe5 Bc5 5. Ne2 Nd7 6. Nec3
Nxe5 7. exd5 Qh4+ 8. g3 Qe7 9. Qe2 Nxf3+ 10. Kd1 Nd4 11. Qxe7+ Nxe7 12. dxc6
Bg4+ 13. Be2 Nxe2 14. Nxe2 Nxc6 15. h3 Bxe2+ 16. Kxe2 Nd4+ 17. Kd3 O-O-O 18.
Kc3 Rhe8 19. Bf4 h6 20. h4 a5 21. a3 b5 22. b4 Ne2+ 23. Kb3 a4+ 24. Kb2 Bd4+
25. c3 Nxf4 26. cxd4 Ne2 27. Nc3 Nxc3 28. Kxc3 Re3+ 29. Kd2 Rxg3 30. Rhf1 Rxd4+
31. Ke2 Rxh4 32. Rxf7 Rh2+ 33. Kf1 Rh1+ 0-1

[Event "K21"]
[Site "?"]
[Date "2023.08.02"]
[Round "6"]
[White "Vit, Zdenek"]
[Black "Heider, Dirk"]
[Result "0-1"]
[ECO "C50"]
[WhiteElo "1654"]
[BlackElo "1781"]
[Annotator ",martin-koller@seznam"]
[PlyCount "32"]
[TimeControl "240+2"]

{600MB, Fritz10.ctg} 1. e4 e5 2. Nf3 Nc6 3. Bc4 f5 4. d4 fxe4 5. Nxe5 d5 6. Bb5
Qf6 7. Nc3 Bb4 8. O-O Bxc3 9. bxc3 a6 10. Bxc6+ bxc6 11. f3 e3 12. Qe2 Ne7 13.
Ba3 O-O 14. Bxe7 Qxe7 15. Nxc6 Qd6 16. Qxe3 Qxc6 0-1

[Event "K21"]
[Site "?"]
[Date "2023.08.02"]
[Round "6"]
[White "Gunther, Arthur"]
[Black "Thomasson, Staffan"]
[Result "1-0"]
[ECO "A43"]
[WhiteElo "1600"]
[BlackElo "1740"]
[Annotator ",martin-koller@seznam"]
[PlyCount "86"]
[TimeControl "240+2"]

{600MB, Fritz10.ctg} 1. d4 c5 2. d5 Nf6 3. Nc3 d6 4. e4 Nbd7 5. Nf3 g6 6. Bg5
Bg7 7. Qd2 Qa5 8. Bd3 a6 9. Bh6 Bxh6 10. Qxh6 b5 11. O-O c4 12. Be2 Bb7 13. Ng5
b4 14. Nd1 b3 15. Bxc4 bxc2 16. Nc3 Ne5 17. Bb3 Nd3 18. Ba4+ Nd7 19. Bxd7+ Kxd7
20. Qh3+ f5 21. Qxd3 fxe4 22. Qxe4 Rhc8 23. Rfe1 Re8 24. Qa4+ Qxa4 25. Nxa4
Rab8 26. Nc3 Ba8 27. b3 Rec8 28. Nge4 Rb4 29. Rac1 Rd4 30. Rxc2 Bxd5 31. Rce2
Bb7 32. Na4 Rb4 33. Ng5 e5 34. f3 h6 35. Ne4 d5 36. Nec5+ Kc6 37. Nxb7 Kxb7 38.
Rxe5 d4 39. Rd5 Rc2 40. Rd1 Rxa2 41. R1xd4 Rxd4 42. Rxd4 Kc6 43. Kf1 Kb5 1-0

[Event "K21"]
[Site "?"]
[Date "2023.08.02"]
[Round "6"]
[White "Feierfeil, Jiri"]
[Black "Schimmer, Michael"]
[Result "0-1"]
[ECO "E32"]
[WhiteElo "1674"]
[BlackElo "1689"]
[Annotator ",martin-koller@seznam"]
[PlyCount "98"]
[TimeControl "240+2"]

{600MB, Fritz10.ctg} 1. d4 Nf6 2. c4 e6 3. Nc3 Bb4 4. Qc2 O-O 5. e4 d5 6. e5
Ne4 7. c5 b6 8. cxb6 axb6 9. Bd3 c5 10. Nf3 Nc6 11. Be3 cxd4 12. Bxd4 Nxd4 13.
Nxd4 Qc7 14. Ndb5 Qxe5 15. O-O Ba6 16. f4 Qf6 17. Nxe4 dxe4 18. Be2 Qf5 19. Nc3
Bd3 20. Bxd3 exd3 21. Qd2 Rfd8 22. a3 Bxc3 23. bxc3 Rac8 24. Kh1 Qc5 25. Rfc1
Ra8 26. a4 Qc4 27. Rab1 Rxa4 28. Rxb6 Ra2 29. Rb2 Rxb2 30. Qxb2 Qxf4 31. Rd1 h6
32. h3 Qa4 33. Rd2 Qa5 34. c4 e5 35. Kg1 e4 36. Kf2 Qc5+ 37. Kf1 e3 38. Rxd3
Rxd3 39. Qb8+ Kh7 40. Qb1 Qxc4 41. Ke2 f5 42. Qxd3 Qxd3+ 43. Kxd3 f4 44. h4 g5
45. hxg5 hxg5 46. g3 Kg6 47. g4 Kf6 48. Ke2 Ke5 49. Kf3 Kd4 0-1

[Event "M21"]
[Site "?"]
[Date "2023.08.03"]
[Round "7"]
[White "Reichmann, Steffen"]
[Black "Soural, Jan"]
[Result "0-1"]
[ECO "B20"]
[WhiteElo "1954"]
[BlackElo "2176"]
[Annotator ",martin-koller@seznam"]
[PlyCount "80"]
[TimeControl "240+2"]

{600MB, Fritz10.ctg} 1. e4 c5 2. a3 g6 3. c3 d5 4. exd5 Qxd5 5. Nf3 Bg7 6. d4
Nf6 7. Be2 O-O 8. O-O cxd4 9. Qxd4 Nc6 10. Qxd5 Nxd5 11. Rd1 Rd8 12. Bg5 h6 13.
Bh4 Be6 14. Nbd2 f5 15. h3 f4 16. Ne4 g5 17. Nfxg5 hxg5 18. Nxg5 Nc7 19. Nxe6
Rxd1+ 20. Rxd1 Nxe6 21. Bc4 Kf7 22. Re1 Ne5 23. Bd5 Rd8 24. c4 Rd6 25. f3 Nd3
26. Re2 Nxb2 27. Be1 Nd3 28. Bd2 b6 29. Kh2 Be5 30. Bb4 Nxb4 31. axb4 Kf6 32.
Ra2 Rd7 33. Ra6 Bc3 34. Bxe6 Kxe6 35. c5 Rb7 36. b5 Ba5 37. c6 Rc7 38. h4 Kd5
39. Kh3 Kc5 40. Kg4 Kxb5 0-1

[Event "M21"]
[Site "?"]
[Date "2023.08.03"]
[Round "7"]
[White "Husa, Daniel"]
[Black "Kalisky, Vladimir"]
[Result "1/2-1/2"]
[ECO "D06"]
[WhiteElo "2084"]
[BlackElo "2145"]
[Annotator ",martin-koller@seznam"]
[PlyCount "81"]
[TimeControl "240+2"]

{600MB, Fritz10.ctg} 1. d4 d5 2. c4 c5 3. cxd5 Qxd5 4. Nf3 cxd4 5. Nc3 Qa5 6.
Nxd4 Nf6 7. Nb3 Qc7 8. Nb5 Qc6 9. e4 e5 10. Be3 Bb4+ 11. Nd2 Qd7 12. a3 Bxd2+
13. Qxd2 Qxd2+ 14. Bxd2 Na6 15. Nd6+ Ke7 16. Bxa6 bxa6 17. Bb4 Ke6 18. O-O-O
Rd8 19. f3 Rd7 20. Nf5 Ne8 21. Rxd7 Bxd7 22. Rd1 Rc8+ 23. Kb1 Rc6 24. Rc1 g6
25. Rxc6+ Bxc6 26. Ne3 Nd6 27. Bc5 Nc8 28. Kc2 f5 29. exf5+ gxf5 30. Kd3 Nb6
31. b3 Bb5+ 32. Kc3 f4 33. Nc4 Nd5+ 34. Kd3 Nb6 35. a4 Bxc4+ 36. bxc4 Nxa4 37.
Bxa7 Kd6 38. Bb8+ Ke6 39. Ba7 Kd6 40. Bb8+ Ke6 41. Ba7 1/2-1/2

[Event "M21"]
[Site "?"]
[Date "2023.08.03"]
[Round "7"]
[White "Novak, Jindrich"]
[Black "Hurtak, Otto"]
[Result "1-0"]
[ECO "D32"]
[WhiteElo "2047"]
[BlackElo "1949"]
[Annotator ",martin-koller@seznam"]
[PlyCount "46"]
[TimeControl "240+2"]

{600MB, Fritz10.ctg} 1. d4 d5 2. Nf3 e6 3. c4 c5 4. cxd5 exd5 5. Nc3 Nf6 6. Bg5
Be6 7. e3 Nc6 8. Bb5 Be7 9. Ne5 Rc8 10. Qa4 Qb6 11. O-O O-O 12. Bxc6 bxc6 13.
Qa3 Qc7 14. Qa4 cxd4 15. exd4 c5 16. Nb5 Qb6 17. Qxa7 Qxb5 18. Qxe7 Rfe8 19.
Qa7 Ne4 20. f4 Qb4 21. Nf3 Bg4 neèitelné 1-0

[Event "M21"]
[Site "?"]
[Date "2023.08.03"]
[Round "7"]
[White "Hozda, Max"]
[Black "Gunther, Andreas"]
[Result "1-0"]
[ECO "A85"]
[WhiteElo "1986"]
[BlackElo "2065"]
[Annotator ",martin-koller@seznam"]
[PlyCount "39"]
[TimeControl "240+2"]

{600MB, Fritz10.ctg} 1. d4 f5 2. c4 Nf6 3. Nc3 d6 4. Bg5 Nbd7 5. Qc2 g6 6. h4
c6 7. Nh3 e5 8. dxe5 dxe5 9. O-O-O Qa5 10. e4 f4 11. g3 Nh5 12. Be2 h6 13. Bxf4
exf4 14. e5 Ng7 15. Qxg6+ Ke7 16. gxf4 Nc5 17. Rhg1 Ne8 18. Bh5 Be6 19. f5 Rg8
20. f6+ 1-0

[Event "K21"]
[Site "?"]
[Date "2023.08.03"]
[Round "7"]
[White "Schimmer, Michael"]
[Black "Gunther, Arthur"]
[Result "1/2-1/2"]
[ECO "B01"]
[WhiteElo "1689"]
[BlackElo "1600"]
[Annotator ",martin-koller@seznam"]
[PlyCount "50"]
[TimeControl "240+2"]

{600MB, Fritz10.ctg} 1. e4 d5 2. exd5 Qxd5 3. Nc3 Qa5 4. d4 Nf6 5. Nf3 c6 6.
Bc4 Bg4 7. Qe2 Nbd7 8. Bd2 Qb6 9. O-O-O Bxf3 10. Qxf3 Qxd4 11. Bb3 Qg4 12. Qd3
Nc5 13. Qf1 e6 14. h3 Nxb3+ 15. axb3 Qf5 16. g4 Qa5 17. Kb1 Bb4 18. f4 O-O-O
19. Qf3 Rd7 20. Bc1 Bxc3 21. bxc3 Nd5 22. Bb2 Rhd8 23. Rd4 Nb6 24. Rxd7 Rxd7
25. c4 f6 1/2-1/2

[Event "K21"]
[Site "?"]
[Date "2023.08.03"]
[Round "7"]
[White "Heider, Dirk"]
[Black "Junge, Mattheo Gabriel"]
[Result "1-0"]
[ECO "B12"]
[WhiteElo "1781"]
[BlackElo "1450"]
[Annotator ",martin-koller@seznam"]
[PlyCount "27"]
[TimeControl "240+2"]

{600MB, Fritz10.ctg} 1. e4 c6 2. d4 d5 3. f3 dxe4 4. fxe4 e5 5. Nf3 exd4 6. Bc4
Nd7 7. O-O Be7 8. Bxf7+ Kf8 9. e5 b6 10. Bxg8 Kxg8 11. c3 Ba6 12. Qb3+ Kf8 13.
Ng5+ Bxf1 14. Qf7# 1-0

[Event "K21"]
[Site "?"]
[Date "2023.08.03"]
[Round "7"]
[White "Nelson, Wayne"]
[Black "Hapke, Ralf"]
[Result "1-0"]
[ECO "A44"]
[WhiteElo "1863"]
[BlackElo "1756"]
[Annotator ",martin-koller@seznam"]
[PlyCount "32"]
[TimeControl "240+2"]

{600MB, Fritz10.ctg} 1. d4 c5 2. d5 e5 3. c4 d6 4. Nc3 g6 5. e4 Bg7 6. Nf3 a6
7. Bd3 Ne7 8. Rb1 O-O 9. O-O f5 10. b4 Nd7 11. Qc2 f4 12. Na4 b6 13. bxc5 bxc5
14. Ng5 Nf6 15. Nb6 Rb8 16. Nxc8 Rxc8 1-0

[Event "K21"]
[Site "?"]
[Date "2023.08.03"]
[Round "7"]
[White "Thomasson, Staffan"]
[Black "Vit, Zdenek"]
[Result "1/2-1/2"]
[ECO "A29"]
[WhiteElo "1740"]
[BlackElo "1654"]
[Annotator ",martin-koller@seznam"]
[PlyCount "64"]
[TimeControl "240+2"]

{600MB, Fritz10.ctg} 1. c4 Nf6 2. g3 e5 3. Bg2 d5 4. cxd5 Nxd5 5. Nc3 Be6 6.
Nf3 Nc6 7. O-O Be7 8. d4 exd4 9. Nxd4 Nxd4 10. Qxd4 Bf6 11. Qa4+ c6 12. Rd1
Bxc3 13. bxc3 O-O 14. Qc2 Qe7 15. e4 Nb6 16. a4 Rad8 17. Ba3 Rxd1+ 18. Qxd1 c5
19. Qc2 Rd8 20. Rd1 Nc4 21. Rxd8+ Qxd8 22. Bxc5 b6 23. Bd4 Qe8 24. f4 Bd7 25.
Qe2 Nd6 26. f5 Nxf5 27. Qa6 Nxd4 28. cxd4 Qc8 29. Qxc8+ Bxc8 30. Bf1 Kf8 31.
Kf2 Ke7 32. Ke3 f6 1/2-1/2